 Dungeon Crawl Stone Soup version 0.19.1-1-g22dce08 (webtiles) character file.

36563 xnavy the Spear-Bearer (level 13, -15/75 HPs)
             Began as a Gargoyle Fighter on Jan 2, 2017.
             Was a Priest of Uskayaw.
             Killed from afar by a fire dragon (34 damage)
             ... with a blast of flame
             ... on level 6 of the Lair of Beasts.
             The game lasted 01:04:22 (19509 turns).

xnavy the Spear-Bearer (Gargoyle Fighter)          Turns: 19509, Time: 01:04:23

Health: -15/75     AC: 23    Str: 26    XL:     13   Next: 91%
Magic:  12/23      EV: 10    Int:  8    God:    Uskayaw [***...]
Gold:   1166       SH:  4    Dex:  9    Spells: 0 memorised, 12 levels left

rFire  . . .     SeeInvis .     a - +1 trident
rCold  . . .     Gourm    .     A - +1 scale mail of Vanity {Slay+6}
rNeg   + . .     Faith    .     X - +0 buckler
rPois  ∞         Spirit   .     j - +0 helmet
rElec  +         Reflect  .     U - +0 cloak
rCorr  .         Harm     .     v - +1 pair of gloves
MR     .....                    (no boots)
Stlth  ..........               S - amulet of magic regeneration
                                (no ring)
                                g - ring of flight {+Fly, !d}

@: flying, studying Charms
A: negative energy resistance 1, electricity resistance, unbreathing,
petrification resistance, rot immunity, AC +9
a: Stomp, Line Pass, Renounce Religion, Stop Flying


You were on level 6 of the Lair of Beasts.
You worshipped Uskayaw.
Uskayaw was pleased with you.
You were hungry.

You visited 3 branches of the dungeon, and saw 18 of its levels.
You also visited: Sewer and Ice Cave.

You collected 1166 gold pieces.

Inventory:

Hand Weapons
 a - a +1 trident (weapon)
 E - a +0 bardiche
   (You found it on level 4 of the Lair of Beasts)
 F - the +8 rapier of Defiance {freeze, rC+ Int+3 Dex+4}
   (You found it on level 4 of the Lair of Beasts)

   It has been specially enchanted to freeze those struck by it, causing extra
   injury to most foes and up to half again as much damage against particularly
   susceptible opponents.
   It can also slow down cold-blooded creatures.
   It affects your intelligence (+3).
   It affects your dexterity (+4).
   It protects you from cold.
 V - a +2 spear of flaming
   (You took it off a gnoll sergeant on level 9 of the Dungeon)
Missiles
 e - 340 stones (quivered)
 m - 24 tomahawks
 t - 12 curare-tipped needles
Armour
 j - a +0 helmet (worn)
   (You found it on level 5 of the Dungeon)
 v - a +1 pair of gloves (worn)
   (You found it on level 3 of the Dungeon)
 A - the +1 scale mail of Vanity (worn) {Slay+6}
   (You found it on level 4 of the Dungeon)

   It affects your accuracy and damage with ranged weapons and melee attacks
   (+6).
 U - a +0 cloak (worn)
   (You took it off Maurice on level 8 of the Dungeon)
 X - a +0 buckler (worn)
   (You took it off a gnoll sergeant on level 9 of the Dungeon)
Magical Staves
 x - an uncursed staff of energy {@w1+MP, hungerless spells, !d!a}
   (You found it on level 4 of the Lair of Beasts)
Jewellery
 g - a ring of flight (left hand) {+Fly, !d}
   (You found it on level 1 of the Lair of Beasts)
 S - an amulet of magic regeneration (around neck)
   (You found it on level 8 of the Dungeon)
Wands
 d - a wand of disintegration (13/24)
   (You found it on level 2 of the Lair of Beasts)
 o - a wand of iceblast (6/15)
   (You found it on level 2 of the Lair of Beasts)
 D - a wand of heal wounds (7/9)
   (You found it on level 6 of the Dungeon)
 J - a wand of polymorph (12/24)
   (You found it on level 5 of the Lair of Beasts)
Scrolls
 n - a scroll of magic mapping {!r}
 p - 8 scrolls of remove curse
 s - a scroll of fog
 w - 9 scrolls of identify
 y - 6 scrolls of teleportation
 G - 2 scrolls of immolation {!r}
 I - a scroll of blinking {!r}
 M - 2 scrolls of enchant armour
Potions
 b - 2 potions of heal wounds
 h - a potion of invisibility
 k - 8 potions of flight
 l - a potion of berserk rage {!q}
 q - 5 potions of might
 u - 8 potions of curing
 z - a potion of resistance
 B - a potion of magic
 C - 4 potions of haste
 H - 5 potions of brilliance
 L - 2 potions of agility
 R - 2 potions of lignification {!q}
Books
 c - a manual of Charms {!d}
   (You found it on level 3 of the Lair of Beasts)
Comestibles
 f - 7 bread rations {@e1}
 i - a meat ration {@e2}
 r - 3 fruits
 K - 15 chunks of flesh {@w0}


   Skills:
 + Level 6.5 Fighting
 - Level 14.8 Polearms
 - Level 3.1 Throwing
 * Level 7.8 Armour
 - Level 4.0 Shields
 - Level 14.0 Invocations
 * Level 3.4 Evocations


You had 12 spell levels left.
You didn't know any spells.

Dungeon Overview and Level Annotations

Branches:
Dungeon (11/15)            Temple (1/1) D:4            Lair (6/6) D:11
  Swamp (0/4) Lair:2       Spider (0/4) Lair:4        Slime (0/5) Lair:5
    Orc (0/2) D:9

Altars:
Ashenzari
Cheibriados
Dithmenos
Elyvilon
Fedhas
Gozag
Hepliaklqana
Kikubaaqudgha
Makhleb
Nemelex Xobeh
Okawaru
Qazlal
Ru
Sif Muna
Trog
Uskayaw
Vehumet
Xom
Yredelemnul
Zin
The Shining One
Jiyva

Shops:
D:6 %   D:7 [(=   D:8 }

Portals:
Trove: D:10 (show abyssal rune of Zot)


Innate Abilities, Weirdness & Mutations

You are resistant to torment.
Your stone body is resilient. (AC +9)
You are immune to poison.
You resist negative energy. (rN+)
You are resistant to electric shocks. (rElec)
You can survive without breathing.
You are immune to petrification.
You are immune to rotting.


Message History

You are starting to lose your buoyancy.
Some of the chunks of flesh in your inventory have rotted away.
You can no longer merge with and destroy a victim.
A swamp drake comes into view.
The swamp drake roars!
You hear a roar!
You hear a deafening roar!
You hear a roar!
The swamp drake bites you but does no damage.
Uskayaw will no longer force your foes to share their pain.
You hit the swamp drake.
The swamp drake bites you but does no damage.
Uskayaw will force your foes to share their pain.
You hit the swamp drake.
A mottled dragon comes into view.
You puncture the swamp drake! The swamp drake bites you.
You take 6 damage, and have 69/75 hp.
You puncture the swamp drake!
You kill the swamp drake!
A crocodile and a swamp drake come into view.
An iguana and a crocodile come into view.
The iguana hisses angrily.
The swamp drake roars!
A fire dragon comes into view.
You see here a swamp drake corpse.
Attack whom?
Aim: a mottled dragon You reach to attack!
You hit the mottled dragon.
You float gracefully downwards.
You feel very buoyant.
You fly up into the air.
You feel somewhat more hungry.
The fire dragon moves out of view.
You now have 22/23 mp.
Attack whom?
Aim: a mottled dragon (lightly wounded)
You reach to attack!
You hit the mottled dragon.
The swamp drake breathes noxious fumes at you.
The noxious blast engulfs the crocodile.
You puncture the iguana!
The crocodile is engulfed in noxious fumes. x2
The crocodile appears confused.
You can now merge with and destroy a victim.
You hit the iguana.
The crocodile is engulfed in noxious fumes.
The crocodile appears confused.
The crocodile is engulfed in noxious fumes.
Uskayaw prepares the audience for your solo!
MP restored: 23 The helpless iguana fails to defend itself.
You perforate the iguana like a sieve!!!
You kill the iguana!
The crocodile is engulfed in noxious fumes.
The crocodile appears confused.
The plant appears confused.
The fire dragon appears confused.
The mottled dragon appears confused.
You are feeling hungry.
You can no longer merge with and destroy a victim.
The fire dragon is no longer paralysed.
The swamp drake is no longer paralysed.
The crocodile is engulfed in noxious fumes.
The crocodile appears confused.
You now have 19/23 mp.
The crocodile is no longer paralysed.
The crocodile bites the plant but does no damage.
The swamp drake breathes noxious fumes at you.
The noxious blast engulfs you!
The helpless crocodile fails to defend itself.
You perforate the crocodile like a sieve!!!
You kill the crocodile!
The crocodile bites the plant!
You stomp with the beat, sending a shockwave through the revelers around you!
You feel somewhat more hungry.
Uskayaw will no longer force your foes to share their pain.
The swamp drake bites you.
The crocodile bites the plant.
The mottled dragon bites the crocodile!
The mottled dragon claws the crocodile.
Uskayaw will force your foes to share their pain.
Uskayaw links your audience in an emotional bond!
You take 5 damage, and have 66/75 hp.
You now have 17/23 mp.
Unknown command.
You stomp with the beat, sending a shockwave through the revelers around you!
You kill the mottled dragon!
You hear a splash.
The mottled dragon scales are intact enough to wear.
You kill the crocodile!
You feel somewhat more hungry.
Uskayaw will no longer force your foes to share their pain.
The plant seems less confused.
The fire dragon seems less confused.
You block the swamp drake's attack. The fire dragon breathes flames at you.
The blast of flame hits you!
Ouch! That really hurt!
* * * LOW HITPOINT WARNING * * *
Uskayaw will force your foes to share their pain.
You take 47 damage, and have 19/75 hp.
MASSIVE DAMAGE!!
You now have 14/23 mp.
Okay, then.
You stomp with the beat, sending a shockwave through the revelers around you!
You kill the swamp drake!
You feel somewhat more hungry.
Uskayaw will no longer force your foes to share their pain.
The fire dragon breathes flames at you. The blast of flame hits you!
You die...

♣♣♣♣♣♣ ♣♣.≈≈≈♣♣♣
♣♣..≈≈≈).♣
♣♣.P≈≈≈≈≈.♣♣
♣..♣≈≈♣≈≈..♣♣♣ ##
♣♣♣.≈≈†[†♣≈≈P..♣♣ #.
♣..≈≈≈≈P♣♣♣≈≈...♣♣ #.
♣.≈≈≈≈.D(.♣♣≈≈...♣ #.
♣♣.≈≈.@?$♣♣♣≈≈..♣♣ #.
♣.≈≈≈≈.!(.♣♣≈≈.♣.♣♣
#.
♣.≈≈≈≈.[$♣♣♣≈≈P...♣
#.
♣.≈≈≈≈....♣♣.P≈≈P.P♣
#.
♣≈≈≈≈≈P♣♣♣♣.P≈≈≈♣♣.♣♣
#. ♣≈≈≈≈≈≈
♣P≈†♣♣≈≈♣.P♣ #.
♣≈≈≈≈≈≈ ♣≈≈. ♣♣≈≈≈♣♣
#. ♣≈≈≈≈≈. ♣≈≈..
♣≈≈P.♣ #.
♣≈≈≈≈.P♣..≈..♣[.♣≈(♣♣
#.


You could see a fire dragon.

Vanquished Creatures
  A hydra (D:11)
  The ghost of Rodnoix the Basher, a novice GrFi of Okawaru (D:10)
  5 hill giants
  3 ugly things
  A deep elf mage (D:11)
  2 cyclopes (D:11)
  6 elephants (Lair:3)
  3 ice statues (IceCv)
  Maurice (D:8)
  2 black mambas
  3 spiny frogs
  A centaur skeleton (D:11)
  The ghost of MudFish the Covert, a novice OpAs (D:5)
  3 rime drakes
  5 komodo dragons
  A polar bear (Lair:5)
  A hornet (D:7)
  A two-headed ogre (D:10)
  3 trolls
  The ghost of Spectrina the Poker, an amateur FoFi (D:6)
  13 blink frogs
  8 hippogriffs
  A wyvern (Lair:4)
  A redback (Lair:4)
  41 yaks
  4 hogs (D:7)
  2 hungry ghosts
  3 basilisks
  A human (D:7)
  A steam dragon (Lair:6)
  A mottled dragon (Lair:6)
  2 soldier ants (D:8)
  14 water moccasins
  8 porcupines
  4 swamp drakes (Lair:6)
  10 ice beasts
  A black bear (D:6)
  A sky beast (D:8)
  4 orc warriors
  A phantom (D:10)
  8 centaurs
  10 ogres
  10 crocodiles
  6 big kobolds
  14 bullfrogs
  3 gnoll sergeants (D:9)
  3 scorpions
  3 wights (D:7)
  6 killer bees (D:11)
  3 electric eels (Lair:2)
  2 crimson imps
  A bullfrog zombie (D:10)
  4 jellies
  12 orc wizards
  2 hounds
  A bullfrog skeleton (D:5)
  11 orc priests
  Jessica (D:3)
  6 iguanas
  Terence (D:2)
  2 worker ants
  Natasha (D:2)
  A killer bee zombie (D:7)
  2 hound skeletons
  A howler monkey zombie (D:8)
  2 worker ant zombies
  4 gnolls (D:9)
  12 adders
  6 shadow imps
  12 white imps (D:11)
  2 adder skeletons
  2 worms
  3 dart slugs
  9 leopard geckos
  44 orcs
  10 giant cockroaches
  6 goblins
  4 hobgoblins
  12 jackals
  19 kobolds
  8 quokkas
  5 bats
  4 frilled lizards
  2 leopard gecko skeletons
  A quokka skeleton (D:6)
  A quokka zombie (D:6)
  5 rats
453 creatures vanquished.

Vanquished Creatures (others)
  2 fungi
  A plant (Lair:6)
3 creatures vanquished.

Grand Total: 456 creatures vanquished

Notes
Turn   | Place    | Note
-------+----------+-------------------------------------------
     0 | D:1      | xnavy the Gargoyle Fighter began the quest for the Orb.
     0 | D:1      | Reached XP level 1. HP: 14/14 MP: 1/1
    60 | D:1      | Reached skill level 2 in Polearms
   347 | D:1      | Reached XP level 2. HP: 19/19 MP: 2/2
   885 | D:2      | Reached XP level 3. HP: 19/23 MP: 3/3
  1252 | D:2      | Noticed Natasha
  1261 | D:2      | HP: 4/23 [Natasha (5)]
  1270 | D:2      | Killed Natasha
  1270 | D:2      | Reached skill level 3 in Polearms
  1270 | D:2      | Reached skill level 4 in Shields
  1270 | D:2      | Reached XP level 4. HP: 10/28 MP: 4/4
  1527 | D:2      | Noticed Terence
  1537 | D:2      | Killed Terence
  1673 | D:2      | Found a sparkling altar of Nemelex Xobeh.
  2015 | D:3      | HP: 2/28 [orc wizard/puff of flame (6)]
  2021 | D:4      | Got a distressingly furry scale mail
  2033 | D:4      | Identified the +1 scale mail of Vanity {Slay+6} (You found it on level 4 of the Dungeon)
  2298 | D:4      | Found a bloodstained altar of Trog.
  2329 | D:4      | Noticed an ogre
  2329 | D:4      | Noticed a bullfrog
  2345 | D:4      | Killed a bullfrog
  2345 | D:4      | Reached skill level 4 in Polearms
  2345 | D:4      | Reached XP level 5. HP: 29/32 MP: 5/5
  2348 | D:4      | Killed an ogre
  2348 | D:4      | Reached skill level 5 in Polearms
  2348 | D:4      | Reached XP level 6. HP: 18/37 MP: 6/6
  2619 | D:4      | Found a staircase to the Ecumenical Temple.
  2624 | Temple   | Entered the Ecumenical Temple
  2687 | Temple   | xnavy: !polytheist
  2687 | Temple   | beem: Unwon gods for xnavy: Elyvilon, Fedhas, Gozag, Hepliaklqana, Pakellas, Qazlal, Ru, Uskayaw, Zin
  2687 | Temple   | xnavy: ??uskayaw
  2687 | Temple   | beem: uskayaw[1/6]: God of ecstatic dance. Piety raises very quickly as you deal damage and drops very quickly over time. *: Stomp for AOE damage. **: Teleport through a line of creatures, confusing them. ***: on reaching this piety level, briefly paralyze all enemies in LOS. ****: On reaching this piety level, monsters share damage. *****: Telefrag any monster in LOS.
  2689 | Temple   | Became a worshipper of Uskayaw the Reveler
  2731 | D:3      | Reached * piety under Uskayaw
  2809 | D:3      | Reached ** piety under Uskayaw
  2813 | D:3      | Reached skill level 6 in Polearms
  2816 | D:3      | Reached *** piety under Uskayaw
  2872 | D:3      | Noticed an ice beast
  2880 | D:3      | Killed an ice beast
  2880 | D:3      | Reached XP level 7. HP: 26/41 MP: 7/7
  3010 | D:3      | Noticed Jessica
  3013 | D:3      | Killed Jessica
  3684 | D:4      | Found a shimmering altar of Xom.
  3753 | D:4      | Reached skill level 7 in Polearms
  4002 | D:4      | Reached skill level 1 in Invocations
  4086 | D:4      | Reached skill level 2 in Invocations
  4360 | D:4      | Reached XP level 8. HP: 46/46 MP: 9/9
  4415 | D:5      | Entered Level 5 of the Dungeon
  4418 | D:5      | Found a glowing drain.
  4432 | D:5      | Reached skill level 3 in Invocations
  4473 | Sewer    | Entered a sewer
  4556 | Sewer    | Reached skill level 8 in Polearms
  4595 | Sewer    | Found a white marble altar of Elyvilon.
  4729 | D:5      | Reached skill level 4 in Invocations
  4799 | D:5      | Found an opulent altar of Gozag.
  4801 | D:5      | Found a glowing silver altar of Zin.
  4897 | D:5      | Noticed MudFish's ghost (novice OpAs)
  4916 | D:5      | Killed MudFish's ghost
  4916 | D:5      | Reached skill level 5 in Invocations
  5379 | D:5      | Reached **** piety under Uskayaw
  5922 | D:6      | Reached XP level 9. HP: 51/51 MP: 13/13
  6037 | D:6      | Noticed Spectrina's ghost (amateur FoFi)
  6052 | D:6      | Killed Spectrina's ghost
  6052 | D:6      | Reached skill level 9 in Polearms
  6052 | D:6      | Reached skill level 6 in Invocations
  6299 | D:6      | Found Sanus's Food Boutique.
  6431 | D:6      | Found a snail-covered altar of Cheibriados.
  6840 | D:7      | Reached skill level 7 in Invocations
  6842 | D:7      | Reached ***** piety under Uskayaw
  6843 | D:7      | Noticed a hornet
  6846 | D:7      | Killed a hornet
  7088 | D:7      | Found a hazy altar of Hepliaklqana.
  7133 | D:7      | Reached skill level 10 in Polearms
  7133 | D:7      | Reached skill level 8 in Invocations
  7210 | D:7      | Found Qerghu's Jewellery Emporium.
  7420 | D:7      | Found Qojiall's Antique Weapon Emporium.
  7427 | D:7      | Found Xukke's Armour Boutique.
  7813 | D:7      | Reached XP level 10. HP: 55/56 MP: 16/16
  7882 | D:7      | Found a shattered altar of Ashenzari.
  8018 | D:7      | Reached skill level 9 in Invocations
  8517 | D:8      | Reached skill level 11 in Polearms
  8553 | D:8      | Found Ytaciotont's Quality Used Wands.
  8800 | D:8      | Noticed Maurice
  8810 | D:8      | Killed Maurice
  8810 | D:8      | Reached skill level 10 in Invocations
  9773 | D:9      | Found a staircase to the Orcish Mines.
  9808 | D:9      | Reached ****** piety under Uskayaw
  9816 | D:9      | Reached XP level 11. HP: 40/60 MP: 6/19
  9823 | D:9      | HP: 14/60 [troll (10)]
  9828 | D:9      | HP: 15/60 [troll (5)]
  9837 | D:9      | HP: 14/60 [troll (8)]
  9839 | D:9      | Reached skill level 11 in Invocations
 10175 | D:9      | Found a radiant altar of Vehumet.
 10175 | D:9      | Found a deep blue altar of Sif Muna.
 10181 | D:9      | Found a stormy altar of Qazlal.
 10185 | D:9      | Found a basalt altar of Yredelemnul.
 10187 | D:9      | Found a glowing golden altar of the Shining One.
 10295 | D:9      | Identified the Guide on Mutagenic Malediction
 10340 | D:9      | Reached skill level 12 in Polearms
 10692 | D:10     | Entered Level 10 of the Dungeon
 10692 | D:10     | Noticed a hill giant
 10701 | D:10     | Killed a hill giant
 10927 | D:10     | Noticed a hill giant
 10947 | D:10     | Killed a hill giant
 11001 | D:10     | Noticed a hill giant
 11011 | D:10     | Killed a hill giant
 11011 | D:10     | Reached skill level 12 in Invocations
 11110 | D:10     | Found a portal to a secret trove of treasure.
 11245 | D:10     | Found a white marble altar of Elyvilon.
 11313 | D:10     | Noticed Rodnoix's ghost (novice GrFi)
 11333 | D:10     | Killed Rodnoix's ghost
 11433 | D:10     | Noticed a hill giant
 11456 | D:10     | Killed a hill giant
 11944 | D:11     | Noticed a four-headed hydra
 11958 | D:11     | Killed a four-headed hydra
 11958 | D:11     | Reached skill level 13 in Polearms
 11958 | D:11     | Reached XP level 12. HP: 64/64 MP: 10/21
 12061 | D:11     | Found a frozen archway.
 12206 | IceCv    | Entered an ice cave
 12217 | IceCv    | Reached skill level 13 in Invocations
 13767 | D:11     | Reached skill level 14 in Invocations
 13781 | D:11     | Found a staircase to the Lair.
 13794 | Lair:1   | Entered Level 1 of the Lair of Beasts
 13821 | Lair:1   | Reached skill level 14 in Polearms
 15409 | Lair:2   | Found a shattered altar of Ashenzari.
 15430 | Lair:2   | Reached XP level 13. HP: 68/68 MP: 23/23
 15630 | Lair:2   | Reached skill level 1 in Throwing
 15632 | Lair:2   | Reached skill level 4 in Armour
 15654 | Lair:2   | Found a staircase to the Swamp.
 15856 | Lair:2   | Reached skill level 4 in Fighting
 16371 | Lair:2   | Found a shattered altar of Ashenzari.
 16721 | Lair:3   | Reached skill level 2 in Throwing
 16730 | Lair:3   | Reached skill level 5 in Armour
 16837 | Lair:3   | Reached skill level 5 in Fighting
 16837 | Lair:3   | Reached skill level 6 in Armour
 16993 | Lair:3   | Reached skill level 3 in Throwing
 17738 | Lair:4   | Found a hole to the Spider Nest.
 17870 | Lair:4   | Got a crude rapier
 17871 | Lair:4   | Identified the +8 rapier of Defiance {freeze, rC+ Int+3 Dex+4} (You found it on level 4 of the Lair of Beasts)
 18462 | Lair:5   | Found a viscous altar of Jiyva.
 18462 | Lair:5   | Found a staircase to the Slime Pits.
 18522 | Lair:5   | Reached skill level 1 in Evocations
 18580 | Lair:5   | Reached skill level 7 in Armour
 18728 | Lair:5   | Reached skill level 2 in Evocations
 18736 | Lair:5   | Reached skill level 6 in Fighting
 19220 | Lair:6   | Entered Level 6 of the Lair of Beasts
 19407 | Lair:6   | Reached skill level 3 in Evocations
 19498 | Lair:6   | Noticed a fire dragon
 19509 | Lair:6   | Killed from afar by a fire dragon

Skill      XL: |  1  2  3  4  5  6  7  8  9 10 11 12 13 |
---------------+----------------------------------------+-----
Polearms       | 2 3 4 5 6 7 8 10 11 13 14 | 14.8
Shields        | 4 |  4.0
Invocations    | 2 5 8 10 12 14 | 14.0
Throwing       | 3 |  3.1
Armour         | 7 |  7.8
Fighting       | 6 |  6.5
Evocations     | 3 |  3.4

Action                   |  1- 3 |  4- 6 |  7- 9 | 10-12 | 13-15 || total
-------------------------+-------+-------+-------+-------+-------++-------
Melee: Trident           |   127 |   134 |   324 |   805 |   350 ||  1740
Throw: Stone             |    13 |    22 |   119 |   207 |   151 ||   512
Invok: Line Pass         |       |     1 |     2 |    20 |     6 ||    29
       Stomp             |       |       |     2 |    15 |     7 ||    24
       Grand Finale      |       |       |       |     1 |       ||     1
 Abil: Evoke Flight      |       |       |       |       |     3 ||     3
Evoke: Wand              |       |       |       |     4 |       ||     4
  Use: Potion            |     1 |     1 |       |     1 |       ||     3
       Scroll            |       |     1 |    14 |    15 |     5 ||    35
 Stab: Paralysed         |       |       |    11 |    46 |    33 ||    90
       Confused          |       |       |     2 |     8 |     2 ||    12
  Eat: Chunk             |     1 |     6 |    17 |    28 |    15 ||    67
       Beef jerky        |       |       |       |     4 |       ||     4
       Pizza             |       |       |       |     1 |       ||     1
       Fruit             |       |       |       |       |     1 ||     1
Armor: Scale mail        |    69 |    66 |   145 |   288 |    92 ||   660
Dodge: Dodged            |    48 |    46 |    75 |   197 |    57 ||   423
Block: Shield            |    66 |       |       |       |       ||    66
       Buckler           |       |       |       |    72 |    26 ||    98

Vault maps used:
D:1:      saegor_arrival_simple_c
D:2:      overflow_temple_1_default, uniq_natasha, uniq_terence
D:3:      serial_forest, infiniplex_forest_end_3, infiniplex_forest_straight_5,
          infiniplex_forest_clump_large, infiniplex_forest_lined_3_way,
          infiniplex_forest_clump_double, infiniplex_forest_lined_corner,
          infiniplex_forest_lined_1, infiniplex_forest_lined_4_way,
          infiniplex_forest_lined_1, first_bread, minmay_cupped, uniq_jessica
D:4:      bloody_trog, dk_xom_monty_hall
D:5:      grunt_temple_overflow_gold_and_silver, gup_sewer_entry_glass
D:6:      lemuel_doored_altar, serial_shops, kennysheep_mini_moat,
          minmay_item_behind_shaft
D:7:      nicolae_overflow_crystal_walls, serial_shops, shop,
          nicolae_shop_statue_plus, shop, serial_aquarium,
          aquarium_bridge_long_joined, aquarium_window_1,
          aquarium_window_corridor_2, aquarium_window_2, aquarium_view_2e,
          aquarium_balcony_1b, aquarium_pool_corner, grunt_livestock,
          grunt_ashenzari_visionary
D:8:      minmay_cornered_nines, nicolae_for_you_no_charge, uniq_maurice
D:9:      chequers_temple_overflow_minitemple,
          kennysheep_orc_monster_closet_entryway, st_stairs_7,
          minmay_splitting_lines
D:10:     enter_trove_0, elyvilon_altar_4
D:11:     kennysheep_blocky_room, portal_ice_cave_entry_imps
Temple:   compressed_dpeg_triangle_lava_temple
Lair:2:   minmay_swamp_entry_eels, basic_altar, lemuel_centaur_altar
Lair:3:   infiniplex_staircase_pool_2
Lair:4:   spider_nest_entry_webs
Lair:5:   slime_altar_1
Lair:6:   hangedman_lair_tendril_chambers, guppyfry_lair_end_dragon,
          ldierk_geyser, ice2_lemuel
Sewer:    sewer_kobolds
IceCv:    ice_cave_statue_garden_chambered

Table legend:
 A = Turns spent in this place as a percentage of turns spent in the entire game.
 B = Non-inter-level travel turns spent in this place as a percentage of non-inter-level travel turns spent in the entire game.
 C = Inter-level travel turns spent in this place as a percentage of turns spent in this place.
 D = Turns resting spent in this place as a percentage of non-inter-level travel turns spent in this place.
 E = Turns spent auto-exploring this place as a percentage of non-inter-level travel turns spent in this place.
 F = Non-inter-level travel turns spent in this place divided by the number of levels of this place that you've seen.
                   A       B       C       D       E      F
               +-------+-------+-------+-------+-------+----------------------
         Total | 100.0 | 100.0 |   0.5 |   2.3 |   7.6 | 272.4
       Dungeon |  67.4 |  67.4 |   0.5 |   2.1 |   7.8 | 333.7
        Temple |   1.0 |   1.0 |   1.8 |   0.0 |   0.0 |  56.0
          Lair |  24.7 |  24.7 |   0.6 |   2.2 |   8.8 | 224.2
         Sewer |   1.4 |   1.5 |   0.0 |   0.0 |   6.3 |  79.0
      Ice Cave |   5.4 |   5.5 |   0.0 |   5.7 |   0.7 | 297.0
               +-------+-------+-------+-------+-------+----------------------

Table legend:
 A = Kills in this place as a percentage of kills in entire the game.
 B = Kills by you in this place as a percentage of kills by you in the entire game.
 C = Kills by friends in this place as a percentage of kills by friends in the entire game.
 D = Other kills in this place as a percentage of other kills in the entire game.
 E = Experience gained in this place as a percentage of experience gained in the entire game.
 F = Experience gained in this place divided by the number of levels of this place that you have seen.
                   A       B       C       D       E      F
               +-------+-------+-------+-------+-------+----------------------
         Total | 100.0 | 100.0 |  -nan | 100.0 | 100.0 | 2611.7
       Dungeon |  69.3 |  69.2 |  -nan | 100.0 |  45.8 | 2173.8
          Lair |  26.3 |  26.3 |  -nan |   0.0 |  47.6 | 4147.0
         Sewer |   2.0 |   2.0 |  -nan |   0.0 |   0.2 | 110.0
      Ice Cave |   2.4 |   2.4 |  -nan |   0.0 |   6.4 | 3330.0
               +-------+-------+-------+-------+-------+----------------------
